Map: Eternal Empire LE

Players

Pawelek - Winner!

  • Race: Terran Terran
  • Spawn Location: 1:00

A.I. 1 (Very Easy)

  • Race: Zerg Zerg
  • Spawn Location: 7:00

VOD

Have the link to the VOD?

Description

Time

  • Played on: Aug. 21, 2020, 3:15 p.m.
  • Length: 11:58
Show
View Real Time Build Order
Export as new Build Order

Pawelek Terran - Winner!

Build Orders: Gas First Reaper Expand 

Get SALT Encoding   

  12  0:00  SCV  
  13  0:12  SCV  
  14  0:18  Supply Depot  
  14  0:24  SCV  
  15  0:31  Refinery  
  15  0:39  SCV  
  16  0:45  Barracks  
  16  0:52  SCV  
  17  1:05  SCV  
  18  1:17  SCV  
  19  1:32  Orbital Command  
  19  1:33  Reaper  
  20  1:45  Command Center  
  20  1:56  Factory  
  20  2:05  SCV  
  20  2:06  Refinery  
  21  2:11  Barracks Reactor  
  21  2:17  SCV  
  22  2:29  SCV  
  23  2:49  Factory Tech Lab  
  23  2:50  Starport  
  23  2:57  SCV  
  24  2:59  Marine x2  
  24  3:01  Orbital Command  
  26  3:09  SCV  
  27  3:14  Siege Tank  
  27  3:15  Supply Depot  
  30  3:20  Marine  
  30  3:21  Marine, SCV  
  33  3:28  SCV  
  33  3:33  SCV  
  35  3:39  Marine  
  35  3:40  SCV, Marine, Supply Depot  
  38  3:44  Medivac  
  38  3:45  SCV  
  41  3:48  Siege Tank  
  44  3:57  Marine  
  44  3:58  Marine  
  46  4:08  Supply Depot  
  46  4:11  SCV  
  46  4:12  SCV  
  46  4:14  Command Center  
  46  4:15  Marine  
  49  4:23  SCV  
  49  4:24  Marine, SCV  
  51  4:28  Starport Tech Lab  
  52  4:35  Marine, SCV, Siege Tank  
  52  4:36  SCV  
  58  4:42  Marine, Supply Depot  
  59  4:50  SCV x2  
  61  4:53  Marine  
  62  5:01  Supply Depot  
  62  5:03  Medivac  
  62  5:06  SCV x2  
  66  5:08  Marine  
  66  5:09  Barracks  
  66  5:11  Barracks, Marine  
  66  5:13  Refinery  
  68  5:15  Refinery  
  68  5:18  SCV  
  68  5:21  SCV  
  70  5:23  Siege Tank  
  70  5:26  Marine  
  74  5:29  Orbital Command  
  74  5:32  Marine  
  75  5:38  Medivac  
  77  5:44  Marine, Engineering Bay  
  77  5:45  Engineering Bay  
  77  5:49  SCV x2  
  80  5:53  Orbital Command  
  80  5:55  Siege Tank  
  83  6:06  Supply Depot  
  83  6:07  SCV x2  
  83  6:08  Supply Depot  
  85  6:12  Barracks Reactor  
  85  6:13  Barracks Tech Lab  
  85  6:17  Terran Infantry Armor Level 1, Terran Infantry Weapons Level 1  
  85  6:19  SCV x2  
  85  6:20  SCV  
  85  6:25  Supply Depot  
  88  6:28  Supply Depot  
  88  6:30  Supply Depot  
  88  6:31  SCV  
  88  6:32  SCV  
  90  6:33  SCV  
  91  6:45  SCV x3  
  94  6:47  Marine x3  
  94  6:48  Siege Tank  
  94  6:49  Medivac  
  102  6:57  Marine x2, SCV  
  102  6:58  Stimpack  
  102  7:01  SCV x2  
  107  7:05  Marine x2  
  109  7:08  Marine  
  109  7:09  SCV  
  109  7:15  Marine x2, Armory  
  113  7:25  Refinery  
  113  7:26  Refinery  
  113  7:29  Marine x3  
  116  7:30  Siege Tank  
  116  7:31  Medivac, Supply Depot x3  
  116  7:33  Marine x2  
  123  7:37  SCV  
  123  7:38  SCV x2  
  123  7:44  Command Center  
  126  7:46  Command Center  
  126  7:47  Marine x2  
  126  7:49  Marine  
  126  7:51  Marine x2  
  130  7:53  SCV  
  132  8:14  Terran Infantry Armor Level 2, Terran Infantry Weapons Level 2  
  132  8:16  SCV x3  
  135  8:32  Barracks  
  135  8:33  Barracks  
  135  8:35  Marine x4  
  135  8:36  Marine, Siege Tank  
  135  8:37  Medivac  
  135  8:38  SCV x3, Combat Shield  
  148  8:50  SCV x2  
  148  8:51  SCV  
  148  8:53  Marine x2  
  153  9:02  SCV x2  
  154  9:03  SCV  
  154  9:07  Marine x2  
  154  9:08  Marine  
  154  9:09  Medivac, Siege Tank  
  164  9:11  Marine x2, Command Center  
  166  9:17  Starport  
  166  9:20  Supply Depot x2  
  166  9:22  Supply Depot  
  166  9:25  SCV x2, Barracks Reactor  
  166  9:26  Barracks Reactor  
  168  9:34  Terran Vehicle Weapons Level 1  
  168  9:35  SCV x2  
  171  9:38  Orbital Command  
  171  9:41  Marine  
  171  9:42  Marine x4  
  171  9:45  Medivac, Siege Tank  
  180  9:47  SCV  
  181  9:54  Planetary Fortress  
  181  9:56  SCV x2  
  181  9:57  Refinery  
  181  9:59  Marine x2, SCV  
  185  10:00  Marine x3  
  185  10:03  Marine x4  
  185  10:05  SCV  
  194  10:08  SCV x2  
  196  10:15  Starport Reactor  
  196  10:17  Marine, Siege Tank  
  200  10:21  Fusion Core  
  200  10:28  Missile Turret  
  200  10:30  Missile Turret  
  200  10:35  Refinery  
  199  10:55  SCV  
  200  10:58  Missile Turret  
Show
View Real Time Build Order
Export as new Build Order

A.I. 1 (Very Easy) Zerg 

Build Orders:  

Get SALT Encoding   

  12  0:00  Drone  
  13  0:12  Overlord  
  13  0:16  Drone  
  14  0:35  Spawning Pool  
  13  0:37  Extractor  
  13  0:39  Drone  
  13  0:46  Drone  
  14  0:52  Overlord  
  14  1:22  Zergling x2  
  14  1:23  Queen  
  17  1:31  Roach Warren  
  16  1:34  Drone  
  16  1:38  Extractor  
  16  1:43  Drone  
  17  1:48  Zergling x2  
  18  2:01  Drone  
  19  2:08  Drone  
  20  2:15  Zergling x2  
  21  2:17  Drone  
  22  2:27  Overlord  
  22  2:31  Drone  
  23  2:38  Drone  
  23  2:41  Roach  
  26  2:46  Drone  
  27  4:26  Zergling x2  
  27  7:12  Lair, Drone, Overlord  
  28  7:19  Drone  
  28  7:20  Hatchery  
  28  7:26  Drone  
  29  7:33  Drone  
  30  7:40  Drone  
  31  7:55  Zergling x2  
  27  8:09  Overseer x2  
  27  8:12  Spire  
  26  8:32  Drone  
  27  8:39  Drone, Extractor  
  27  8:43  Extractor  
  27  8:46  Drone  
  27  8:53  Drone  
  28  9:00  Drone  
  29  9:08  Drone  
  30  9:15  Drone  
  31  9:22  Drone  
  32  9:26  Mutalisk  
  32  9:29  Drone  
  35  9:36  Drone  
  36  9:44  Drone  
  37  9:51  Drone  
  38  9:58  Drone  
  39  10:05  Drone  
  40  10:12  Drone, Mutalisk  
  43  10:19  Drone  
  44  10:27  Drone  
  44  10:28  Overlord  
  45  10:34  Drone  
  46  10:41  Drone  
  42  10:57  Overseer, Overlord  
  42  10:58  Roach  
  44  11:09  Drone  
  39  11:11  Overlord  
  39  11:17  Drone  
  22  11:25  Drone  
  23  11:26  Roach  
  23  11:31  Overlord  
  23  11:32  Drone  
  22  11:39  Drone  
Tags
 
Add a new tag
Caveats
  • Supply blocks, unpowered buildings, or Contaminate may cause inaccurate times.
  • Supply counts are checked every 10 seconds.